 Dungeon Crawl Stone Soup version 0.30.0-10-gfe55d96785 (webtiles) character file.

Game seed: 13655590762321424430

50 qw the Chopper (level 3, 0/23 HPs)
             Began as a Gargoyle Cinder Acolyte on May 16, 2023.
             Was a High Priest of Ignis.
             Killed from afar by a kobold (22 damage)
             ... with a bolt of dispelling energy
             ... on level 2 of the Dungeon.
             The game lasted 00:00:49 (1405 turns).

qw the Chopper (Gargoyle Cinder Acolyte)            Turns: 1405, Time: 00:00:49

Health: 0/23       AC:  8    Str: 19    XL:     3   Next: 79%
Magic:  4/4        EV: 10    Int: 14    God:    Ignis [*****.]
Gold:   35         SH:  2    Dex:  5    Spells: 4/4 levels left

rFire   + . .        Y - -1 hand axe (heavy)
rCold   . . .        c - +0 buckler
rNeg    + . .        e - +0 ring mail
rPois   inf          (no helmet)
rElec   +            (no cloak)
rCorr   .            (no gloves)
SInv    .            (no boots)
Will    .....        (no amulet) Stlth
                     (no ring)
HPRegen 0.23/turn    (no ring)
MPRegen 0.09/turn

%: no passive effects
@: no status effects
A: sickness immunity, AC +3, negative energy resistance 1, electricity
resistance, torment resistance 1, petrification resistance
a: Renounce Religion, Fiery Armour, Foxfire Swarm, Rising Flame


You were on level 2 of the Dungeon.
You worshipped Ignis.
Ignis was extremely pleased with you.
You visited 1 branch of the dungeon, and saw 2 of its levels.

You collected 35 gold pieces.


Innate Abilities, Weirdness & Mutations

You are immune to sickness and miasma.
Your stone body is resilient. (AC +3)
You are immune to poison.
You resist negative energy. (rN+)
You are resistant to electric shocks. (rElec)
You are resistant to unholy torment.
You are immune to petrification.


   Skills:
 - Level 3.2 Fighting
 - Level 4.0 Axes
 + Level 0.5 Armour
 - Level 1.0 Shields
 - Level 1.0 Spellcasting
 - Level 3.0 Fire Magic


You had 4 spell levels left.
You didn't know any spells.
Your spell library contained the following spells:

 Spells                   Type           Power      Damage    Failure   Level
 Scorch                   Fire           18%        2d5       26%         2

Inventory:

Hand Weapons
 g - a +0 whip
 Y - a -1 heavy hand axe (weapon)
Missiles
 f - 4 boomerangs (quivered)
Armour
 c - a +0 buckler (worn)
 e - a +0 ring mail (worn)
Scrolls
 d - a scroll of fear {unknown}
Potions
 a - a potion of attraction {unknown}
 b - a potion of magic {unknown}
 h - 2 potions of curing {unknown}

Dungeon Overview and Level Annotations

Branches:
Dungeon (2/15)

Altars:


Message History

The boomerang barely misses the hobgoblin.
A kobold comes into view.
It is wielding a +2 vampiric short sword and carrying a wand of quicksilver (6).
The kobold moves out of view.
You throw a boomerang.
The boomerang closely misses the hobgoblin.
You throw a boomerang.
The boomerang barely misses the hobgoblin.
You hit the hobgoblin.
The hobgoblin is severely wounded.
The hobgoblin hits you but does no damage.
You block the hobgoblin's attack.
You barely miss the hobgoblin.
The hobgoblin is severely wounded.
The hobgoblin barely misses you.
The hobgoblin hits you but does no damage.
You barely miss the hobgoblin.
The hobgoblin is severely wounded.
The hobgoblin hits you but does no damage.
You barely miss the hobgoblin.
The hobgoblin is severely wounded.
The hobgoblin closely misses you. The hobgoblin barely misses you.
You closely miss the hobgoblin.
The hobgoblin is severely wounded.
You block the hobgoblin's attack. x2
You barely miss the hobgoblin.
The hobgoblin is severely wounded.
The hobgoblin hits you but does no damage.
You slash the hobgoblin!
You kill the hobgoblin!
The giant cockroach closely misses you.
You closely miss the giant cockroach. The giant cockroach barely misses you.
The giant cockroach closely misses you.
You slash the giant cockroach!
You kill the giant cockroach!
You barely miss the kobold.
The kobold hits you with a +2 vampiric short sword.
The kobold zaps a wand.
The bolt of dispelling energy hits you!!
Ouch! That really hurt!
You die...

#...# ##...# ....##
##..# ##..#####
........# ##..###.## .
#..##...###########....
................@K......
###.##...#####..########
.>.###......)..# #####
#########.# #.# #.# #.#
#[# .#


You could see a kobold.

Vanquished Creatures
  A worm (D:2)
  A dart slug (D:2)
  4 bats (D:1)
  4 endoplasms
  A giant cockroach (D:2)
  6 goblins (D:1)
  4 hobgoblins
  3 jackals (D:1)
  4 kobolds
  A quokka (D:1)
  7 ball pythons (D:1)
  A frilled lizard (D:1)
  4 rats
41 creatures vanquished.

Notes
Turn   | Place    | Note
-------+----------+-------------------------------------------
     0 | D:1      | qw the Gargoyle Cinder Acolyte began the quest for the Orb.
     0 | D:1      | Reached XP level 1. HP: 14/14 MP: 2/2
     0 | D:1      | 0 ||| qw: Version: 0.2-a-94-gbb182e1
     0 | D:1      | 0 ||| qw: Game counter: 50
     0 | D:1      | 0 ||| qw: Always use a shield: true
     0 | D:1      | 0 ||| qw: God list: Okawaru
     0 | D:1      | 0 ||| qw: Allow faded altars: false
     0 | D:1      | 0 ||| qw: Do Orc after D:15 true
     0 | D:1      | 0 ||| qw: Do second Lair branch before Depths: true
     0 | D:1      | 0 ||| qw: Lair rune preference: random
     0 | D:1      | 0 ||| qw: Plans: Normal
     0 | D:1      | 0 ||| PLANNING D:1-11
    21 | D:1      | 21 ||| Stepping ~*~*~tactically~*~*~ (stealth).
    79 | D:1      | 79 ||| Stepping ~*~*~tactically~*~*~ (stealth).
    82 | D:1      | Reached skill level 3 in Axes
    88 | D:1      | 88 ||| Stepping ~*~*~tactically~*~*~ (stealth).
   101 | D:1      | 101 ||| Stepping ~*~*~tactically~*~*~ (stealth).
   105 | D:1      | Reached XP level 2. HP: 19/19 MP: 3/3
   322 | D:1      | 322 ||| Stepping ~*~*~tactically~*~*~ (stealth).
   408 | D:1      | 408 ||| UPGRADING to +0 buckler.
   425 | D:1      | Reached XP level 3. HP: 21/23 MP: 4/4
   430 | D:1      | 430 ||| UPGRADING to +0 leather armour.
   440 | D:1      | 440 ||| DROPPING +0 robe.
   441 | D:1      | 441 ||| UPGRADING to +0 ring mail.
   451 | D:1      | 451 ||| DROPPING +0 leather armour.
   559 | D:1      | 559 ||| READING scroll labelled FEYLUIH LULELAF.
   566 | D:1      | 566 ||| READING scroll labelled EPRAUDE FEWEOT.
   651 | D:1      | Reached skill level 1 in Shields
  1090 | D:1      | 1090 ||| READING scroll labelled SOMASK PEIFRAM.
  1091 | D:1      | 1091 ||| READING scroll labelled ETI QERETSITY.
  1092 | D:1      | 1092 ||| READING scroll labelled LEAQUGHAKUA.
  1136 | D:1      | 1136 ||| DROPPING +0 club.
  1267 | D:2      | Reached skill level 4 in Axes
  1405 | D:2      | Killed from afar by a kobold

Levels and vault maps discovered:
D:1:      wander_arrival_abandoned_jail, layout_basic, serial_glass,
          glass_columns_c, glass_columns_c, feat_on_display, minmay_tripent
D:2:      layout_loops_ring

Skill      XL: |  1  2  3 |
---------------+----------+-----
Axes           | 3 4 |  4.0
Shields        | 1 |  1.0
Fighting       | |  3.2
Armour         | |  0.5
Spellcasting   | |  1.0
Fire Magic     | |  3.0

Action                     || total
---------------------------++-------
  Melee: Hand axe          ||   141
         Punch             ||     1
  Throw: Boomerang         ||     7
    Use: Scroll            ||     5
 Armour: Robe              ||    12
         Ring mail         ||    23
  Dodge: Dodged            ||    83
  Block: Buckler           ||     7

Table legend:
 A = Non-vault XP
 B = Vault XP
 C = Vault XP percentage of total XP
 D = Non-vault monster count
 E = Vault monster count
 F = Vault count percentage of total count
                 A         B        C        D         E       F
            +---------+---------+-------+---------+---------+-------
      Total |      69 |       3 |   4.2 |      39 |       2 |   4.9
            +---------+---------+-------+---------+---------+-------
        D:1 |      52 |       3 |   5.5 |      32 |       2 |   5.9
        D:2 |      17 |       0 |   0.0 |       7 |       0 |   0.0
            +---------+---------+-------+---------+---------+-------
